 Dungeon Crawl Stone Soup version bcrawl-1.19-7-g22fd707d3b (webtiles) character file.

Game seed: 1705147619973645486

207 Mrkan the Poker (level 5, -1/41 HPs)
             Began as a Merfolk Gladiator on Nov 16, 2019.
             Succumbed to an orc priest's poison
             ... on level 3 of the Dungeon.
             The game lasted 00:06:47 (3141 turns).

Mrkan the Poker (Merfolk Gladiator)                 Turns: 3141, Time: 00:06:47

Health: -1/41      AC:  7    Str: 14    XL:     5   Next: 85%
Magic:  5/5        EV:  9    Int:  8    God:
Gold:   151        SH: 11    Dex: 16    Spells: 4/4 levels left

rFire    . . .     SeeInvis .   a - +0 trident
rCold    . . .     Gourm    .   m - +0 large shield
rNeg     . . .     Faith    .   k - +0 ring mail
rPois    .         Spirit   .   l - +0 helmet
rElec    .         Reflect  .   (no cloak)
rCorr    .         Harm     .   j - +0 pair of gloves (curse)
MR       .....                  (no boots)
Stlth    +.........             (no amulet)
HPRegen  0.13/turn              (no ring)
MPRegen  0.09/turn              (no ring)

@: lethally poisoned (-1 -> -24)
A: change form in water, swift swim, stealthy swim
a: no special abilities


You were on level 3 of the Dungeon.
You were hungry.

You visited 1 branch of the dungeon, and saw 3 of its levels.

You collected 151 gold pieces.

Inventory:

Hand Weapons
 a - a +0 trident (weapon)
Missiles
 c - 151 tomahawks
 d - 3 throwing nets (quivered) {!f}
Armour
 b - a +0 leather armour
 j - a cursed +0 pair of gloves (worn)
 k - a +0 ring mail (worn)
 l - a +0 helmet (worn)
 m - a +0 large shield (worn)
Scrolls
 e - a scroll of enchant weapon {unknown}
 g - 2 scrolls of amnesia {unknown}
 h - 3 scrolls of magic mapping {unknown}
 n - 3 scrolls of remove curse {unknown}
 o - a scroll of teleportation {unknown}
 s - 3 scrolls of fear {unknown}
 v - a scroll of identify {unknown}
Potions
 i - a potion of magic {unknown}
 p - a potion of might {unknown}
 q - a potion of berserk rage {unknown}
 r - a potion of agility {unknown}
 u - a potion of flight {unknown}
Comestibles
 f - 5 rations {!d}
 t - a chunk of flesh


   Skills:
 + Level 3.6 Fighting
 * Level 7.2 Polearms
 - Level 2.0 Throwing
 + Level 5.4 Dodging
 + Level 0.2 Shields


You had 4 spell levels left.
You didn't know any spells.
Your spell library was empty.

Dungeon Overview and Level Annotations

Branches:
Dungeon (3/12)

Altars:


Message History

You hit the orc priest.
The orc priest is moderately wounded.
You feel sick.
The orc priest hits you with a +2 short sword of venom.
* * * LOW HITPOINT WARNING * * *
You are lethally poisoned!
You hit the orc priest.
The orc priest is severely wounded.
* * * LOW HITPOINT WARNING * * *
You feel sick.
The orc priest hits you with a +2 short sword of venom!
* * * LOW HITPOINT WARNING * * *
You are more poisoned.
You closely miss the orc priest.
The orc priest is severely wounded.
* * * LOW HITPOINT WARNING * * *
You feel sick. The orc priest barely misses you.
You hit the orc priest but do no damage.
The orc priest is severely wounded.
You die...

#.#..........##.#.##..#
.......................
#.#.....).#.#####.##..#
#.#######.#.#.........#
#.............#.#.##..#
######.#.#.##.........
#.............#..
#.#######.#............
#...oo@...#.#..........
#.#########.#......)###
#.#.......# #
#.#.......# #
#.#.......# #
#############<#.......#
#
#.....................#
#
#.###########.........#
# #.# #...#
#.##......###


You could see an orc priest and an orc.

Vanquished Creatures
  An orc wizard (D:3)
  6 adders
  An ooze (D:2)
  7 worms
  A dart slug (D:2)
  3 leopard geckos
  14 orcs (D:3)
  A bat (D:2)
  4 giant cockroaches
  7 goblins
  13 hobgoblins
  4 jackals (D:3)
  A quokka (D:2)
  3 ball pythons
  2 frilled lizards (D:2)
  6 kobolds
  5 rats
79 creatures vanquished.

Notes
Turn   | Place    | Note
-------+----------+-------------------------------------------
     0 | D:1      | Mrkan the Merfolk Gladiator began the quest for the Orb.
     0 | D:1      | Reached XP level 1. HP: 16/16 MP: 1/1
   117 | D:1      | Reached XP level 2. HP: 22/23 MP: 2/2
   185 | D:1      | Reached skill level 5 in Polearms
   686 | D:1      | Reached XP level 3. HP: 28/28 MP: 3/3
  1379 | D:2      | Reached XP level 4. HP: 32/34 MP: 4/4
  1482 | D:2      | Reached skill level 6 in Polearms
  2147 | D:3      | Reached skill level 5 in Dodging
  2308 | D:3      | Reached XP level 5. HP: 29/41 MP: 5/5
  2692 | D:3      | Reached skill level 7 in Polearms
  3140 | D:3      | HP: 1/41 [poisoned by an orc priest]
  3141 | D:3      | Succumbed to an orc priest's poison

Skill      XL: |  1  2  3  4  5 |
---------------+----------------+-----
Polearms       | 5 6 7 |  7.2
Fighting       | 3 |  3.6
Dodging        | 5 |  5.4
Throwing       | |  2.0
Shields        | |  0.2

Action                   |  1- 3 |  4- 6 || total
-------------------------+-------+-------++-------
Melee: Trident           |   127 |   213 ||   340
 Stab: Sleeping          |     1 |       ||     1
  Eat: Chunk             |     2 |     5 ||     7
Armor: Leather armour    |    18 |       ||    18
       Ring mail         |     4 |    63 ||    67
Dodge: Dodged            |   100 |   130 ||   230
Block: Large shield      |       |     8 ||     8
